 Dungeon Crawl Stone Soup version 0.30.1-9-gdf580d7c3d (webtiles) character file.

Game seed: 7685309489739361684

18736 ringo67 the Summoner (level 12, -1/92 HPs)
             Began as a Vampire Ice Elementalist on Oct 5, 2023.
             Was an Elder of Sif Muna.
             Slain by a skyshark (6 damage)
             ... on level 4 of the Lair of Beasts on Oct 6, 2023.
             The game lasted 01:02:55 (16981 turns).

ringo67 the Summoner (Vampire Ice Elementalist)    Turns: 16981, Time: 01:03:00

Health: -1/92      AC:  8    Str:  7    XL:     12   Next: 30%
Magic:  9/19       EV: 17    Int: 22    God:    Sif Muna [****..]
Gold:   1251       SH:  0    Dex: 15    Spells: 3/21 levels left

rFire   . . .        K - +5 falchion (freeze)
rCold   + . .        (no shield)
rNeg    . . .        i - +0 steam dragon scales
rPois   .            (no helmet)
rElec   .            k - +0 cloak
rCorr   .            P - +0 pair of gloves
SInv    +            (no boots)
Will    +....        (no amulet)
Stlth   ++           t - ring of protection from cold
HPRegen 0.55/turn    (no ring)
MPRegen 0.16/turn

%: no passive effects
@: freezing walls, healing quickly
A: alive, fangs 3, see invisible, vampiric 2
a: Exsanguinate, Renounce Religion, Channel Magic, Forget Spell, Divine Exegesis


You were on level 4 of the Lair of Beasts.
You worshipped Sif Muna.
Sif Muna was greatly pleased with you.
You visited 4 branches of the dungeon, and saw 16 of its levels.
You also visited: Ossuary.

You collected 1251 gold pieces.

Inventory:

Hand Weapons
 K - a +5 falchion of freezing (weapon)
Missiles
 Q - a throwing net
Armour
 i - +0 steam dragon scales (worn)
 k - a +0 cloak (worn)
 m - a +3 leather armour
 P - a +0 pair of gloves (worn)
 S - +0 acid dragon scales
Jewellery
 t - a ring of protection from cold (left hand)
 M - a ring of fire
 R - a ring of fire
Wands
 y - a wand of charming (17)
 A - a wand of flame (57)
 C - a wand of roots (9)
 J - a wand of mindburst (12)
 L - a wand of polymorph (13)
Scrolls
 a - 2 scrolls of identify
 f - 6 scrolls of amnesia
 g - a scroll of summoning {unknown}
 h - 3 scrolls of enchant armour
 l - 4 scrolls of teleportation
 n - 4 scrolls of fear {unknown}
 o - a scroll of brand weapon {unknown}
 p - 4 scrolls of noise {unknown}
 u - 2 scrolls of blinking {unknown}
 w - 3 scrolls of poison {unknown}
 z - 5 scrolls of magic mapping
 B - 3 scrolls of torment {unknown}
 D - 3 scrolls of fog {unknown}
 N - a scroll of enchant weapon {unknown}
 O - a scroll of immolation {unknown}
Potions
 b - a potion of magic
 c - 4 potions of mutation {unknown}
 j - 6 potions of curing
 q - 3 potions of might {unknown}
 r - 2 potions of berserk rage
 s - 5 potions of haste
 v - 3 potions of brilliance
 x - 4 potions of lignification {unknown}
 E - 3 potions of flight {unknown}
 F - 4 potions of attraction
 G - 2 potions of invisibility
 H - 3 potions of ambrosia {unknown}
 I - a potion of resistance


   Skills:
 + Level 7.7 Fighting
 - Level 6.0 Armour
 + Level 9.6 Dodging
 - Level 3.0 Stealth
 - Level 5.0 Spellcasting
 - Level 10.0 Summonings
 + Level 4.8 Necromancy
 - Level 10.0 Ice Magic


You had 3 spell levels left.
You knew the following spells:

 Your Spells              Type           Power      Damage    Failure   Level
a - Freeze                Ice            100%       1d10      1%          1
b - Frozen Ramparts       Ice            98%        1d15      1%          3
c - Summon Ice Beast      Ice/Summ       49%        N/A       1%          4
d - Haunt                 Necr/Summ      19%        N/A       99%         7
e - Ozocubu's Armour      Ice            49%        N/A       1%          3

Your spell library contained the following spells:

 Spells                   Type           Power      Damage    Failure   Level
 Summon Small Mammal      Summ           100%       N/A       1%          1
 Ensorcelled Hibernation  Hex/Ice        54%        N/A       1%          2
 Call Canine Familiar     Summ           49%        N/A       1%          3
 Summon Guardian Golem    Hex/Summ       27%        N/A       3%          3
 Sandblast                Erth           10%        2d5       10%         1
 Passwall                 Tmut/Erth      4%         N/A       16%         2
 Stone Arrow              Conj/Erth      10%        3d7       30%         3
 Swiftness                Air            5%         N/A       30%         3
 Animate Dead             Necr           26%        N/A       14%         4
 Fireball                 Conj/Fire      2%         3d4       95%         5
 Iskenderun's Battlesphe  Conj           5%         2d6       95%         5
 Conjure Ball Lightning   Conj/Air       2%         3x3d6     100%        6
 Orb of Destruction       Conj           2%         9d5       100%        7
 Infestation              Necr           13%        N/A       100%        8


Dungeon Overview and Level Annotations

Branches:
Dungeon (10/15)            Temple (1/1) D:4            Lair (4/5) D:8
 Shoals (0/4) Lair:2        Snake (0/4) Lair:2          Orc (1/2) D:10
Ossuary (visited)
  Slime: Lair:4-5

Altars:
Ashenzari
Cheibriados
Fedhas
Hepliaklqana
Makhleb
Nemelex Xobeh
Okawaru
Ru
Sif Muna
Vehumet
Wu Jian

Shops:
D:1 (


Innate Abilities, Weirdness & Mutations

Your natural rate of healing is accelerated.
You have razor-sharp teeth.
You have supernaturally acute eyesight. (SInv)
You are afflicted with vampirism and can become a bat while bloodless.


Message History

Press: ? - help, Shift-Dir - straight line, f - skyshark
Aim: a skyshark (moderately wounded, berserk, ally target)
You freeze the skyshark!
The skyshark is moderately wounded.
The wall freezes the skyshark but does no damage.
The skyshark barely misses you. The skyshark closely misses you.
The skyshark tail-slaps you.
Your ice beast hits the skyshark.
Your ice beast freezes the skyshark!
The skyshark seems to slow down.
Casting: Freeze (safe; 1% risk of failure)
Confirm with . or Enter, or press ? or * to list all spells.
Aiming: Freeze (safe; 1% risk of failure)
Press: ? - help, Shift-Dir - straight line, f/p - skyshark
Aim: a skyshark (heavily wounded, berserk, not watching you, slow, ally target)
You freeze the skyshark.
The skyshark is heavily wounded.
The wall freezes the skyshark but does no damage.
The skyshark bites you! The skyshark tail-slaps you! x2
* * * LOW HITPOINT WARNING * * *
A cane toad comes into view.
Your ice beast hits the skyshark.
Your ice beast freezes the skyshark!
Casting: Freeze (safe; 1% risk of failure)
Confirm with . or Enter, or press ? or * to list all spells.
Aiming: Freeze (safe; 1% risk of failure)
Press: ? - help, Shift-Dir - straight line, f/p - skyshark
Aim: a skyshark (severely wounded, berserk, not watching you, slow, ally target)
You freeze the skyshark.
The skyshark is severely wounded.
The wall freezes the skyshark.
The skyshark bites you!
* * * LOW HITPOINT WARNING * * *
The skyshark tail-slaps you.
* * * LOW HITPOINT WARNING * * *
The skyshark closely misses you.
Your ice beast barely misses the skyshark.
Aiming: Polymorph
Press: ? - help, Shift-Dir - straight line, f/p - skyshark
Aim: a skyshark (severely wounded, berserk, slow, ally target, will become a floating eye, a manticore, or a great orb of eyes, chance to affect: 31%)
The skyshark easily resists.
The wall freezes the skyshark but does no damage.
The skyshark barely misses you. The skyshark tail-slaps you.
You die...

#.....# ##.....
.... #......
#.#####......
###....##......
##...#...P......
##.(#####........
#..## #......##
##.## #P...####
#@.# ##...# #
#Yl## ###..# ##
#....# #....###.
#..... ####.##..
#...... #.†#..
.F....... #.....
#.........
#......
........##.
#...... #.......


You could see a skyshark (berserk, slow, ally target), a cane toad and a
friendly ice beast (summoned).

Vanquished Creatures
  A centaur warrior (D:9)
  2 boulder beetles
  A skyshark (Lair:3)
  Pikel (D:5)
  4 cane toads
  An unseen horror (D:10)
  A komodo dragon (Lair:3)
  A rime drake (D:8)
  A troll (D:10)
  2 hornets
  A wraith (D:9)
  Eustachio (D:5)
  A basilisk (Lair:2)
  15 yaks
  7 water moccasins
  A naga (Lair:2)
  4 orc warriors
  2 ice beasts
  2 black bears
  4 ogres
  4 centaurs
  9 wolves
  A lemure (D:5)
  A kobold brigand (D:4)
  2 nameless horrors
  4 scorpions
  7 bullfrogs
  10 wights
  3 howler monkeys (D:9)
  2 jellies
  A gnoll bouda (D:8)
  3 orc priests
  2 hounds
  3 iguanas
  A sleepcap (D:5)
  7 orc wizards
  2 gnolls (D:8)
  5 adders
  A shadow imp (D:5)
  A white imp (D:6)
  A worm (D:2)
  3 dart slugs
  32 orcs
  3 ball pythons
  4 endoplasms
  4 giant cockroaches
  9 goblins
  10 hobgoblins
  10 jackals
  4 quokkas
  6 bats
  A frilled lizard (D:1)
  A goblin zombie (Ossuary)
  4 hobgoblin zombies
  10 kobolds
  3 kobold zombies (Ossuary)
  An orc zombie (Ossuary)
  8 rats
236 creatures vanquished.

Vanquished Creatures (collateral kills)
  Lodul (D:10)
  A black mamba (Lair:1)
  An elephant (Lair:3)
  Maggie (D:9)
  A komodo dragon (Lair:1)
  A rime drake (Lair:3)
  A polar bear (D:8)
  A troll (D:9)
  A wraith (Ossuary)
  9 yaks
  A naga (Lair:2)
  An acid dragon (D:9)
  3 water moccasins
  An orc warrior (D:8)
  A sky beast (D:6)
  2 black bears (D:6)
  5 ogres
  2 wolves
  A kobold brigand (D:9)
  3 wights
  2 howler monkeys (D:9)
  Crazy Yiuf (D:4)
  5 orc priests
  3 mummies (Ossuary)
  A gnoll (D:8)
  6 orcs
  A quokka (D:5)
  3 kobolds (D:9)
60 creatures vanquished.

Grand Total: 296 creatures vanquished

Notes
Turn   | Place    | Note
-------+----------+-------------------------------------------
     0 | D:1      | ringo67 the Vampire Ice Elementalist began the quest for
                  | the Orb.
     0 | D:1      | Reached XP level 1. HP: 13/13 MP: 3/3
   129 | D:1      | Found Goimputah's Antique Weapon Boutique.
   147 | D:1      | Reached XP level 2. HP: 16/19 MP: 0/5
   733 | D:1      | Gained mutation: You are afflicted with vampirism and can
                  | become a bat while bloodless. [Vampire growth]
   733 | D:1      | Reached XP level 3. HP: 24/24 MP: 7/7
   847 | D:1      | Learned a level 3 spell: Frozen Ramparts
  1306 | D:2      | Identified the +0 ring mail "Feg Wij" {Str+3 Stlth+}
  1677 | D:3      | Reached XP level 4. HP: 29/30 MP: 4/8
  1682 | D:3      | Learned a level 4 spell: Summon Ice Beast
  1915 | D:3      | Reached skill level 5 in Ice Magic
  2180 | D:4      | Noticed a scorpion
  2192 | D:4      | Reached skill level 1 in Summonings
  2360 | D:4      | Noticed a scorpion
  2406 | D:4      | Killed a scorpion
  2407 | D:4      | Reached XP level 5. HP: 26/35 MP: 4/10
  2473 | D:4      | Reached XP level 6. HP: 7/41 MP: 1/12
  2811 | D:4      | Found a staircase to the Ecumenical Temple.
  2887 | D:4      | Found a runed translucent door.
  2956 | Temple   | Entered the Ecumenical Temple
  2963 | Temple   | Became a worshipper of Sif Muna the Loreminder
  3038 | D:4      | Noticed Crazy Yiuf
  3170 | D:4      | Killed Crazy Yiuf
  3240 | D:5      | Entered Level 5 of the Dungeon
  3284 | D:5      | Found a sand-covered staircase.
  3293 | Ossuary  | Entered an ossuary
  3293 | Ossuary  | Noticed a wraith
  3293 | Ossuary  | Noticed a wraith
  3293 | Ossuary  | Noticed a wraith
  3568 | Ossuary  | Noticed a wraith
  3600 | Ossuary  | Killed a wraith
  3601 | Ossuary  | Reached XP level 7. HP: 38/46 MP: 8/14
  3918 | D:5      | Noticed Pikel
  3928 | D:5      | Killed Pikel
  3929 | D:5      | Reached skill level 5 in Spellcasting
  3929 | D:5      | Reached skill level 5 in Summonings
  3929 | D:5      | Reached XP level 8. HP: 42/52 MP: 9/15
  4120 | D:5      | Reached * piety under Sif Muna
  4394 | D:5      | Noticed Eustachio
  4406 | D:5      | Killed Eustachio
  4955 | D:6      | Reached skill level 1 in Fighting
  5047 | D:6      | Reached skill level 1 in Armour
  5260 | D:6      | Reached XP level 9. HP: 37/61 MP: 8/16
  6118 | D:7      | Found an ornate altar of the Wu Jian Council.
  6424 | D:7      | Found a sparkling altar of Nemelex Xobeh.
  6441 | D:7      | Found a blossoming altar of Fedhas.
  6510 | D:7      | Found a hazy altar of Hepliaklqana.
  7595 | D:8      | You fall into a shaft and drop 2 floors!
  7595 | D:10     | Entered Level 10 of the Dungeon
  7660 | D:10     | Reached skill level 5 in Dodging
  7768 | D:10     | Reached XP level 10. HP: 72/72 MP: 9/17
  7789 | D:10     | Reached ** piety under Sif Muna
  8083 | D:9      | Learned a level 7 spell: Haunt
  8135 | D:9      | Reached skill level 1 in Necromancy
  8236 | D:9      | Reached skill level 5 in Fighting
  8351 | D:9      | Noticed a centaur warrior
  9005 | D:8      | Reached skill level 5 in Armour
  9537 | D:8      | Found a staircase to the Lair.
  9801 | Lair:1   | Entered Level 1 of the Lair of Beasts
  9807 | Lair:1   | Noticed a cane toad
  9814 | Lair:1   | Killed a cane toad
  9911 | Lair:1   | Noticed a black mamba
 10112 | Lair:1   | Killed a black mamba
 10113 | Lair:1   | Reached XP level 11. HP: 60/81 MP: 11/18
 10348 | Lair:1   | Reached *** piety under Sif Muna
 10644 | Lair:1   | Noticed a catoblepas
 11354 | Lair:2   | Found a staircase to the Shoals.
 11420 | Lair:2   | Noticed a boulder beetle
 11461 | Lair:2   | Killed a boulder beetle
 11659 | Lair:2   | Found a staircase to the Snake Pit.
 12657 | Lair:3   | Noticed a death yak
 12657 | Lair:3   | Noticed a death yak
 12657 | Lair:3   | Noticed a death yak
 12657 | Lair:3   | Noticed a death yak
 12657 | Lair:3   | Noticed a catoblepas
 13562 | D:9      | Killed a centaur warrior
 13904 | D:9      | Noticed Maggie
 13918 | D:9      | Killed Maggie
 14461 | D:10     | Found a staircase to the Orcish Mines.
 14861 | D:10     | Reached **** piety under Sif Muna
 14873 | D:10     | Noticed Lodul
 14883 | D:10     | Killed Lodul
 14885 | D:10     | Reached XP level 12. HP: 91/91 MP: 8/19
 15543 | Orc:1    | Entered Level 1 of the Orcish Mines
 16053 | Lair:2   | Learned a level 3 spell: Ozocubu's Armour
 16331 | Lair:3   | Reached skill level 10 in Summonings
 16514 | Lair:3   | Noticed a boulder beetle
 16627 | Lair:3   | Killed a boulder beetle
 16628 | Lair:3   | Reached skill level 10 in Ice Magic
 16981 | Lair:4   | Slain by a skyshark

Illustrated notes

Levels and vault maps discovered:
D:1:      minmay_arrival_arboretum_small, layout_basic, serial_shops,
          shop_statue, hangedman_abyss_or_decor_stabs
D:2:      layout_rooms
D:3:      layout_rooms
D:4:      layout_rooms, temple_green, st_stairs_4, uniq_crazy_yiuf_cottage
D:5:      layout_loops_ring, enter_ossuary_3, uniq_pikel, uniq_eustachio
D:6:      layout_cave_pods, hangedman_decor_clover_reticule
D:7:      layout_basic, nicolae_overflow_quartered_altars
D:8:      layout_rooms, hellmonk_lair_entry_icy
D:9:      corexii_shack_village, layout_irregular_city, kennysheep_mini,
          uniq_maggie
D:10:     layout_roguey, lemuel_zombie_altar_kikubaaqudgha, orc_0_dummy,
          kennysheep_generic_room_15, uniq_lodul
Temple:   nicolae_temple_bog_church
Lair:1:   layout_loops_ring, serial_bayou_shore_b
Lair:2:   layout_cellular_growth, elwin_shoals_entry_rocks,
          guppyfry_snake_entry_garden, nzn_sisyphean_effort
Lair:3:   wad_woods_structure_01, layout_hall_layers
Lair:4:   layout_cave_pods, slime_entry_1, grunt_megastairs_4,
          lemuel_fruit_fields
Orc:1:    layout_caves, basic_altar, serial_shops, shop

Skill      XL: |  1  2  3  4  5  6  7  8  9 10 11 12 |
---------------+-------------------------------------+-----
Spellcasting   | 3 4 5 |  5.0
Ice Magic      | 5 6 7 8 9 10 | 10.0
Summonings     | 1 2 3 5 6 8 9 10 | 10.0
Fighting       | 1 4 5 7 |  7.7
Armour         | 1 3 5 6 |  6.0
Dodging        | 3 5 7 9 |  9.6
Necromancy     | 2 3 4 |  4.8
Stealth        | |  3.0

Action                     |  1- 3 |  4- 6 |  7- 9 | 10-12 || total
---------------------------+-------+-------+-------+-------++-------
  Melee: Short sword       |    18 |       |       |       ||    18
         Punch             |     1 |       |     1 |     6 ||     8
         Unarmed           |     1 |       |       |       ||     1
         Rapier            |    55 |   100 |    87 |       ||   242
         Bite              |     3 |    11 |    13 |    31 ||    58
         Falchion          |       |       |    18 |   213 ||   231
   Cast: Freeze            |    28 |    24 |    15 |    36 ||   103
         Frozen Ramparts   |     1 |    10 |    32 |    71 ||   114
         Summon Ice Beast  |       |     3 |    23 |    66 ||    92
  Evoke: Wand              |       |       |       |     2 ||     2
    Use: Potion            |       |     1 |     1 |     3 ||     5
         Scroll            |       |       |    10 |     4 ||    14
   Stab: Sleeping          |     5 |     5 |       |       ||    10
 Armour: Robe              |    17 |       |       |       ||    17
         Leather armour    |     1 |    39 |    35 |    55 ||   130
         Steam dragon scal |       |       |       |    22 ||    22
  Dodge: Dodged            |    69 |    65 |    63 |   229 ||   426
